 Dungeon Crawl Stone Soup version 0.22-a0-247-gbddf880 (webtiles) character file.

7 Amnesiac the Digger (level 2, -1/19 HPs)
             Began as a Formicid Earth Elementalist on Feb 23, 2018.
             Slain by an orc
             ... wielding a +0 whip
              (5 damage)
             ... on level 4 of the Dungeon.
             The game lasted 00:01:58 (716 turns).

Amnesiac the Digger (Formicid Earth Elementalist)    Turns: 716, Time: 00:01:59

Health: -1/19      AC:  2    Str: 12    XL:     2   Next: 10%
Magic:  1/5        EV: 12    Int: 14    God:
Gold:   111        SH:  0    Dex: 11    Spells: 4/5 levels left

rFire    . . .     SeeInvis +   b - +0 blowgun
rCold    . . .     Gourm    .   (no shield)
rNeg     . . .     Faith    .   a - +0 robe (curse)
rPois    .         Spirit   .   (helmet unavailable)
rElec    .         Reflect  .   (no cloak)
rCorr    .         Harm     .   (no gloves)
MR       .....                  (no boots)
Stlth    ++........             (no amulet)
HPRegen  0.06/turn              (no ring)
MPRegen  0.09/turn              (no ring)

@: no status effects
A: permanent stasis, dig shafts and tunnels, four strong arms, antennae 3
a: Dig, Shaft Self


You were on level 4 of the Dungeon.
You were not hungry.

You visited 1 branch of the dungeon, and saw 4 of its levels.

You collected 111 gold pieces.

Inventory:

Hand Weapons
 b - a +0 blowgun (weapon)
Missiles
 e - 14 stones (quivered)
Armour
 a - a cursed +0 robe (worn)
Scrolls
 g - a scroll of immolation {!r, unknown}
Potions
 c - 2 potions of brilliance {!q, unknown}
Comestibles
 d - a ration


   Skills:
 - Level 1.7 Dodging
 - Level 2.4 Stealth
 - Level 2.1 Spellcasting
   Level 1.1 Transmutations
 + Level 4.3 Earth Magic


You had 4 spell levels left.
You knew the following spells:

 Your Spells              Type           Power        Failure   Level  Hunger
a - Sandblast             Erth           ##....       4%          1    #......


Dungeon Overview and Level Annotations

Branches:
Dungeon (3/15)

Altars:


Innate Abilities, Weirdness & Mutations

You cannot be hasted, slowed, berserked, paralysed or teleported.
You can dig through walls and to a lower floor.
Your four strong arms can wield two-handed weapons with a shield.
You have a pair of large antennae on your head. (SInv)


Message History

Aim: a worm The blast of sand hits the worm.
The worm is heavily wounded.
e - 19 stones
Casting: Sandblast (safe; 4% risk of failure)
Confirm with . or Enter, or press ? or * to list all spells.
You don't have enough magic to cast that spell.
Unknown command.
An orc comes into view. It is wielding a whip.
Firing (i - inventory. (/) - cycle)
f - 3 poisoned needles (quivered)
Press: ? - help, Shift-Dir - straight line, f/p - worm
Aim: a worm (heavily wounded)
You shoot a poisoned needle. The poisoned needle hits the worm.
The worm is poisoned.
The worm is heavily wounded.
The orc shouts!
Firing (i - inventory. (/) - cycle)
f - 2 poisoned needles (quivered)
Press: ? - help, Shift-Dir - straight line, f/p - worm
Aim: a worm (heavily wounded, poisoned)
You shoot a poisoned needle. The poisoned needle hits the worm.
The worm looks even sicker.
The worm is heavily wounded.
Firing (i - inventory. (/) - cycle)
f - a poisoned needle (quivered)
Press: ? - help, Shift-Dir - straight line, f/p - worm
Aim: a worm (heavily wounded, poisoned)
You shoot a poisoned needle. The poisoned needle hits the worm.
The worm is heavily wounded.
Throwing (i - inventory)
e - 19 stones (quivered)
Press: ? - help, Shift-Dir - straight line, f/p - worm
Aim: a worm (heavily wounded, poisoned)
You throw a stone.
The stone hits the worm but does no damage.
The worm is heavily wounded.
The worm bites you.
Wield which item (- for none, * to show all)? (? for menu, Esc to quit)
Okay, then.
The orc closely misses you.
Throwing (i - inventory)
e - 18 stones (quivered)
Press: ? - help, Shift-Dir - straight line, f/p - worm
Aim: a worm (heavily wounded, poisoned)
You throw a stone. The stone hits the worm.
The worm is severely wounded.
The orc hits you with a whip.
Throwing (i - inventory)
e - 17 stones (quivered)
Press: ? - help, Shift-Dir - straight line, f/p - worm
Aim: a worm (almost dead, poisoned)
You throw a stone. The stone hits the worm.
The worm is almost dead.
The worm bites you.
* * * LOW HITPOINT WARNING * * *
The orc hits you but does no damage.
Throwing (i - inventory)
e - 16 stones (quivered)
Press: ? - help, Shift-Dir - straight line, f/p - worm
Aim: a worm (almost dead, poisoned)
You throw a stone. The stone hits the worm.
The worm is almost dead.
The orc hits you but does no damage. The worm bites you.
* * * LOW HITPOINT WARNING * * *
Throwing (i - inventory)
e - 15 stones (quivered)
Press: ? - help, Shift-Dir - straight line, f/p - worm
Aim: a worm (almost dead, poisoned)
You throw a stone. The stone barely misses the worm.
The orc hits you with a whip.
You die...

{.o{ #.####
#....# #.# #{#
#.# #{#
#.############.#
#(...o@w((.....#
################


You could see a worm and an orc.

Vanquished Creatures
  An orc (D:4)
  A bat (D:3)
  2 kobolds
  A quokka (D:3)
  A rat (D:3)
  A fungus (D:3)
7 creatures vanquished.

Notes
Turn   | Place    | Note
-------+----------+-------------------------------------------
     0 | D:1      | Amnesiac the Formicid Earth Elementalist began the quest for the Orb.
     0 | D:1      | Reached XP level 1. HP: 13/13 MP: 3/3
   227 | D:1      | You fall through a shaft!
   354 | D:3      | Reached skill level 4 in Earth Magic
   682 | D:3      | You fall through a shaft!
   704 | D:4      | Reached XP level 2. HP: 19/19 MP: 1/5
   716 | D:4      | Slain by an orc

Vault maps used:
D:1:      minmay_arrival_plants_in_alcoves, interstate_on_off
D:3:      first_ration, minmay_gold_behind_fungi, st_stairs_1, uniq_ijyb,
          uniq_crazy_yiuf_cottage

Skill      XL: |  1 |
---------------+----+-----
Earth Magic    | 4 |  4.3
Dodging        | |  1.7
Stealth        | |  2.4
Spellcasting   | |  2.1
Transmutations | |  1.1

Action                   || total
-------------------------++-------
Melee: Unarmed           ||    46
 Fire: Blowgun           ||    12
Throw: Stone             ||     9
 Cast: Sandblast         ||    10
 Abil: Shaft Self        ||     2
Armor: Robe              ||     1
Dodge: Dodged            ||    17

Table legend:
 A = Spawn XP
 B = Non-spawn XP
 C = Spawn XP percentage of total XP
 D = Spawn monster count
 E = Non-spawn monster count
 F = Spawn count percentage of total count
 G = Total turns spent on level
                    A         B        C        D         E        F      G
               +---------+---------+-------+---------+---------+-------+---------
         Total |       0 |      11 |   0.0 |       0 |       6 |   0.0 |   716
               +---------+---------+-------+---------+---------+-------+---------
           D:1 |       0 |       2 |   0.0 |       0 |       1 |   0.0 |   227
           D:3 |       0 |       6 |   0.0 |       0 |       4 |   0.0 |   421
           D:4 |       0 |       3 |   0.0 |       0 |       1 |   0.0 |    34
               +---------+---------+-------+---------+---------+-------+---------
